 Dungeon Crawl Stone Soup version 0.20.1-4-g4af34eaf8e (webtiles) character file.

162 Alfie the Shooter (level 5, -4/44 HPs)
             Began as a Minotaur Hunter on Mar 13, 2020.
             Shot with an arrow by a centaur (10 damage)
             ... on level 3 of the Dungeon.
             The game lasted 00:06:00 (2095 turns).

Alfie the Shooter (Minotaur Hunter)                 Turns: 2095, Time: 00:06:00

Health: -4/44      AC:  5    Str: 18    XL:     5   Next: 19%
Magic:  4/4        EV: 12    Int:  8    God:
Gold:   128        SH:  0    Dex: 10    Spells: 4/4 levels left

rFire    . . .     SeeInvis .   a - +1 shortbow
rCold    . . .     Gourm    .   (shield currently unavailable)
rNeg     . . .     Faith    .   c - +0 leather armour
rPois    .         Spirit   .   (helmet restricted)
rElec    .         Reflect  .   (no cloak)
rCorr    .         Harm     .   (no gloves)
MR       .....                  o - +1 pair of boots
Stlth    +.........             (no amulet)
Regen    0.2/turn               (no ring)
MPRegen  0.1/turn               (no ring)

@: no status effects
A: retaliatory headbutt, horns 2
a: no special abilities


You were on level 3 of the Dungeon.
You were not hungry.

You visited 1 branch of the dungeon, and saw 3 of its levels.

You collected 128 gold pieces.

Inventory:

Hand Weapons
 a - a +1 shortbow (weapon)
 b - a +0 short sword
 q - a cursed -3 short sword
Missiles
 d - 28 arrows (quivered)
Armour
 c - a +0 leather armour (worn)
 o - a +1 pair of boots (worn)
Jewellery
 p - an uncursed ring of magical power
 s - an uncursed ring of resist corrosion {unknown}
Scrolls
 e - 7 scrolls of remove curse
 j - a scroll of identify
 k - a scroll of magic mapping {unknown}
 r - a scroll of recharging
Potions
 g - a potion of brilliance {unknown}
 h - a potion of ambrosia {unknown}
 i - 3 potions of curing {unknown}
 l - a potion of haste {unknown}
 m - 2 potions of heal wounds {unknown}
 n - a potion of lignification {unknown}
 u - a potion of flight {unknown}
Comestibles
 f - 2 bread rations
 t - a royal jelly


   Skills:
 + Level 2.9 Fighting
 + Level 0.2 Short Blades
 + Level 6.5 Bows
 + Level 1.7 Armour
 + Level 2.3 Dodging
 + Level 0.8 Stealth


You had 4 spell levels left.
You didn't know any spells.

Dungeon Overview and Level Annotations

Branches:
Dungeon (3/15)

Altars:
Ashenzari
Fedhas
Gozag
Makhleb
The Shining One

Shops:
D:3 *

Annotations:
D:2 1 runed door


Innate Abilities, Weirdness & Mutations

You reflexively headbutt those who attack you in melee.
You have a pair of horns on your head.


Message History

You kill the giant cockroach!
The centaur shoots an arrow.
The arrow hits you but does no damage.
Firing (i - inventory):
d - 31 arrows (quivered)
Press: ? - help, Shift-Dir - straight line, f/p - centaur
Aim: a centaur, wielding a shortbow You shoot an arrow.
The arrow hits the centaur!
The centaur is moderately wounded.
The centaur shoots an arrow.
The arrow barely misses you.
Firing (i - inventory):
d - 30 arrows (quivered)
Press: ? - help, Shift-Dir - straight line, f/p - centaur
Aim: a centaur, wielding a shortbow (moderately wounded)
You shoot an arrow. The arrow closely misses the centaur.
The centaur shoots an arrow.
The arrow barely misses you.
Firing (i - inventory):
d - 29 arrows (quivered)
Press: ? - help, Shift-Dir - straight line, f/p - centaur
Aim: a centaur, wielding a shortbow (moderately wounded)
You shoot an arrow. The arrow hits the centaur.
The centaur is heavily wounded.
The centaur shoots an arrow.
The arrow hits you!
You die...

.(. (. ###### ((#
...... c.# ######
(.# ####
############..###.
...#
#................<
##.#
#.#######.@...##
#># #.# #.##..#
##.# #.# #.# .#
##.# #.# #.# #
##.# #.# #[#
.#.####.# #.#
.##.....# #.#
..####### #.#
..###


You could see a centaur.

Vanquished Creatures
  Terence (D:2)
  An iguana (D:3)
  4 adders
  A worm (D:2)
  5 dart slugs
  An orc (D:3)
  5 giant cockroaches
  7 goblins
  5 hobgoblins
  9 jackals
  7 kobolds
  A ball python (D:2)
  7 bats
  6 frilled lizards
  4 rats
64 creatures vanquished.

Notes
Turn   | Place    | Note
-------+----------+-------------------------------------------
     0 | D:1      | Alfie the Minotaur Hunter began the quest for the Orb.
     0 | D:1      | Reached XP level 1. HP: 18/18 MP: 0/0
    53 | D:1      | Reached XP level 2. HP: 25/25 MP: 1/1
   132 | D:1      | Reached skill level 5 in Bows
   432 | D:1      | Reached XP level 3. HP: 23/30 MP: 2/2
   783 | D:2      | Found a runed door.
  1052 | D:2      | Reached skill level 1 in Armour
  1358 | D:2      | Noticed Terence
  1369 | D:2      | Killed Terence
  1369 | D:2      | Reached XP level 4. HP: 26/37 MP: 3/3
  1631 | D:3      | Reached skill level 6 in Bows
  1676 | D:3      | Found an opulent altar of Gozag.
  1681 | D:3      | Found Gozag's Platinum Reserve.
  1736 | D:3      | Found a blossoming altar of Fedhas.
  1739 | D:3      | Found a glowing golden altar of the Shining One.
  1742 | D:3      | Found a shattered altar of Ashenzari.
  1811 | D:3      | Found a burning altar of Makhleb.
  1824 | D:3      | Reached XP level 5. HP: 20/44 MP: 4/4
  2086 | D:3      | Noticed a centaur
  2095 | D:3      | Shot with an arrow by a centaur

Skill      XL: |  1  2  3  4 |
---------------+-------------+-----
Bows           | 5 6 |  6.5
Armour         | 1 |  1.7
Fighting       | |  2.9
Short Blades   | |  0.2
Dodging        | |  2.3
Stealth        | |  0.8

Action                   |  1- 3 |  4- 6 || total
-------------------------+-------+-------++-------
Melee: Short sword       |    20 |       ||    20
       Headbutt          |     1 |       ||     1
 Fire: Shortbow          |    60 |    75 ||   135
  Use: Scroll            |     6 |       ||     6
  Eat: Fruit             |     1 |     2 ||     3
       Bread ration      |       |     1 ||     1
Armor: Leather armour    |     6 |     3 ||     9
Dodge: Dodged            |    21 |    21 ||    42
